AoeStats
← vasia003

Black Forest

511008140Analyzed
4v4 RM · 12h ago on Oct 3, 2026· 67m 28s· 8 players
Game mode
Random Map
Map size
Large (8 player)
Population
200
Speed
Normal
Resources
Standard
Victory
Conquest
Starting age
Dark Age
Ending age
Imperial Age
RankedLock teamsTeams togetherTeam positionsShared explorationLock speedFull tech treeHidden civsTurbo modeCheats
Victory
Defeat
🇮🇹 Slavs · Italy
644
+12
🇮🇹 Teutons · Italy
612
+13
🇧🇪 Saracens · Belgium
568
+15
🇫🇷 Spanish · France
524
+16
🇺🇸 Huns · United States
601
-16
🇺🇸 Mongols · United States
588
-16
🇦🇺 Mongols · Australia
520
-13
🇦🇺 Huns · Australia
470
-11
Fox
0:58 Loom
15:20 Feudal Age
16:20 Double-Bit Axe
16:18 Horse Collar
17:52 Wheelbarrow
23:47 Gold Mining
23:48 Stone Mining
27:24 Castle Age
28:56 Heavy Plow
29:09 Bow Saw
36:21 Imperial Age
34:10 Hand Cart
37:02 Stone Shaft Mining
36:30 Caravan
38:17 Chemistry
37:38 Ballistics
37:26 Murder Holes
37:47 Fortified Wall
37:52 Pikeman
38:37 Scale Mail Armor
38:48 Forging
38:28 Fletching
38:38 Padded Archer Armor
39:55 Halberdier
40:04 Elite Skirmisher
41:59 Town Watch
42:29 Squires
42:51 Leather Archer Armor
42:31 Bodkin Arrow
43:11 Iron Casting
42:52 Chain Mail Armor
43:49 Two-Man Saw
44:38 Thumb Ring
44:22 Arson
45:10 Ring Archer Armor
44:40 Bracer
45:06 Elite Conquistador
47:01 Conscription
60:37 Plate Mail Armor
61:07 Blast Furnace
giodi86
0:30 Loom
13:36 Feudal Age
15:12 Double-Bit Axe
15:19 Horse Collar
15:36 Town Watch
17:41 Wheelbarrow
25:35 Castle Age
23:32 Fishing Lines
25:54 Fletching
26:16 Forging
26:45 Bow Saw
26:40 Heavy Plow
28:46 Hand Cart
28:46 Caravan
30:38 Fortified Wall
31:12 Masonry
31:07 Detinets
33:22 Ballistics
37:19 Imperial Age
34:49 Fletching
35:09 Forging
37:03 Scale Barding Armor
36:59 Scale Mail Armor
37:00 Padded Archer Armor
36:32 Pikeman
37:12 Squires
39:40 Bodkin Arrow
40:21 Iron Casting
40:07 Chain Barding Armor
41:08 Two-Man Saw
40:43 Crop Rotation
40:46 Elite Skirmisher
40:46 Crossbowman
42:07 Hoardings
41:53 Conscription
41:58 Chain Mail Armor
42:00 Leather Archer Armor
41:44 Murder Holes
42:51 Chemistry
42:09 Halberdier
42:45 Gold Mining
42:46 Stone Mining
42:50 Gillnets
44:00 Siege Engineers
43:40 Elite Boyar
44:52 Town Patrol
46:03 Bloodlines
45:54 Husbandry
45:15 Light Cavalry
46:40 Plate Barding Armor
46:59 Gold Shaft Mining
46:29 Druzhina
45:57 Onager
46:01 Capped Ram
53:35 Blast Furnace
52:11 Sappers
52:06 Hussar
52:49 Siege Onager
67:02 Plate Mail Armor
67:03 Ring Archer Armor
vasia003
0:30 Loom
12:26 Feudal Age
20:12 Castle Age
18:28 Double-Bit Axe
18:26 Horse Collar
25:36 Forging
25:32 Scale Barding Armor
27:53 Chain Barding Armor
28:08 Iron Casting
29:56 Bow Saw
33:19 Imperial Age
35:02 Wheelbarrow
34:35 Heavy Plow
34:07 Cavalier
35:53 Blast Furnace
35:29 Plate Barding Armor
36:31 Hand Cart
36:03 Town Watch
35:53 Paladin
39:49 Conscription
43:21 Gold Mining
43:24 Stone Mining
f.trenchant
13:48 Feudal Age
18:48 Castle Age
17:02 Double-Bit Axe
17:06 Horse Collar
27:55 Wheelbarrow
27:06 Loom
27:08 Town Watch
28:23 Gold Mining
28:23 Stone Mining
30:56 Hand Cart
30:43 Town Patrol
31:00 Bow Saw
31:04 Heavy Plow
35:06 Forging
34:47 Fletching
34:57 Padded Archer Armor
35:02 Scale Mail Armor
35:07 Scale Barding Armor
38:30 Imperial Age
37:06 Masonry
37:17 Ballistics
39:13 Gold Shaft Mining
39:22 Iron Casting
38:42 Bodkin Arrow
40:20 Chemistry
39:25 Siege Engineers
40:15 Heavy Camel Rider
40:56 Husbandry
42:32 Murder Holes
42:48 Fortified Wall
42:30 Guard Tower
42:27 Arrowslits
42:53 Careening
42:34 Arson
42:50 Squires
42:36 Gambesons
42:19 Elite Mameluke
43:09 Bimaristan
43:36 Hoardings
44:11 Light Cavalry
45:01 Bloodlines
45:15 Counterweights
44:56 Pikeman
44:57 Man-at-Arms
46:17 Keep
blackjack6894
0:49 Loom
13:06 Feudal Age
13:35 Town Watch
14:27 Wheelbarrow
13:37 Horse Collar
13:49 Double-Bit Axe
19:40 Castle Age
20:36 Bow Saw
20:51 Heavy Plow
22:15 Hand Cart
22:49 Gold Mining
22:50 Stone Mining
23:30 Scale Barding Armor
23:32 Caravan
24:38 Bloodlines
25:27 Husbandry
25:44 Light Cavalry
29:46 Gold Shaft Mining
29:24 Fervor
29:29 Forging
34:34 Imperial Age
33:11 Chain Barding Armor
34:27 Iron Casting
34:35 Masonry
36:20 Plate Barding Armor
36:11 Conscription
35:53 Marauders
37:08 Two-Man Saw
37:34 Blast Furnace
36:41 Elite Tarkan
51:17 Fletching
51:25 Murder Holes
51:51 Ballistics
53:17 Chemistry
52:15 Bodkin Arrow
bigbaloopa
0:33 Loom
13:11 Feudal Age
14:07 Double-Bit Axe
14:21 Horse Collar
19:37 Castle Age
19:09 Gold Mining
21:11 Wheelbarrow
20:43 Stone Mining
25:13 Fortified Wall
27:03 Bow Saw
28:35 Heavy Plow
30:29 Stone Shaft Mining
32:04 Hand Cart
35:37 Imperial Age
33:55 Caravan
34:32 Town Watch
36:00 Ballistics
36:03 Town Patrol
36:55 Gold Shaft Mining
37:23 Chemistry
37:43 Conscription
37:44 Drill
37:05 Pikeman
37:09 Elite Skirmisher
38:53 Capped Ram
39:20 Man-at-Arms
39:23 Crossbowman
40:12 Long Swordsman
41:57 Onager
43:35 Elite Mangudai
48:15 Padded Archer Armor
48:05 Fletching
48:26 Forging
48:17 Scale Mail Armor
48:22 Scale Barding Armor
50:00 Arbalester
51:07 Two-Handed Swordsman
Caldi
12:36 Feudal Age
17:59 Castle Age
20:21 Loom
21:10 Gold Mining
22:37 Horse Collar
25:24 Heavy Plow
30:20 Imperial Age
29:24 Double-Bit Axe
29:52 Caravan
31:33 Gold Shaft Mining
31:37 Drill
31:23 Capped Ram
33:28 Wheelbarrow
34:22 Siege Ram
37:22 Bow Saw
37:30 Hand Cart
41:33 Siege Engineers
43:22 Town Watch
46:16 Town Watch
MarkyKenz
4:13 Loom
15:51 Feudal Age
16:33 Double-Bit Axe
18:02 Wheelbarrow
17:33 Gold Mining
18:35 Stone Mining
18:29 Horse Collar
22:59 Castle Age
21:11 Padded Archer Armor
21:55 Fletching
22:14 Scale Barding Armor
23:18 Forging
24:07 Bloodlines
25:14 Bow Saw
25:24 Hand Cart
26:40 Gold Shaft Mining
27:10 Heavy Plow
29:18 Fervor
30:10 Leather Archer Armor
29:51 Bodkin Arrow
31:03 Husbandry
31:27 Chain Barding Armor
31:52 Thumb Ring
33:19 Caravan
34:44 Iron Casting
38:51 Imperial Age
37:25 Ballistics
37:17 Masonry
37:03 Murder Holes
37:53 Marauders
41:01 Two-Man Saw
40:37 Conscription
40:48 Parthian Tactics
40:27 Bracer
41:28 Blast Furnace
43:17 Chemistry
43:32 Elite Tarkan
44:41 Heavy Cavalry Archer
47:03 Plate Barding Armor
Connection lost

Rejoining the realm…

Still unreachable

The connection could not be restored.

Session expired

The server has moved on; the page needs a fresh start.